Map: Acid Plant LE

Players

SlowNSteady

  • Race: Terran Terran
  • League: Platinum
  • Spawn Location: 11:00

Kozzy - Winner!

  • Race: Protoss Protoss
  • League: Gold
  • Spawn Location: 5:00

VOD

Have the link to the VOD?

Description

Time

  • Played on: April 3, 2018, 3:44 a.m.
  • Length: 4:11
Show
View Real Time Build Order
Export as new Build Order

SlowNSteady Terran 

Build Orders:  

Get SALT Encoding   

  12  0:00  SCV  
  13  0:14  Supply Depot  
  13  0:24  SCV  
  14  0:36  SCV  
  14  0:37  Refinery  
  15  0:43  Engineering Bay  
  15  0:54  Supply Depot  
  15  1:00  SCV  
  16  1:17  Barracks  
  16  1:22  SCV  
  17  1:39  Barracks  
  17  1:46  Terran Infantry Weapons Level 1  
  17  1:49  SCV  
  18  2:01  SCV  
  19  2:09  Marine  
  19  2:14  Bunker  
  20  2:26  Marine  
  21  2:35  Marine  
  22  2:43  Barracks  
  21  2:50  Bunker  
  21  2:53  Marine  
  20  3:14  Marine, Bunker  
  20  3:19  SCV  
  22  3:20  Factory  
  22  3:36  Marine  
  23  3:51  SCV  
Show
View Real Time Build Order
Export as new Build Order

Kozzy Protoss - Winner!

Build Orders:  

Get SALT Encoding   

  12  0:03  Probe  
  13  0:16  Probe  
  13  0:17  Pylon  
  14  0:28  Probe  
  15  0:39  Gateway  
  15  0:40  Probe (Chrono Boost)  
  16  0:52  Probe (Chrono Boost), Assimilator  
  17  0:57  Probe (Chrono Boost)  
  18  1:06  Probe (Chrono Boost)  
  19  1:12  Pylon  
  19  1:15  Assimilator  
  20  1:18  Probe (Chrono Boost)  
  20  1:27  Probe (Chrono Boost)  
  20  1:32  Probe, Cybernetics Core  
  22  1:45  Probe  
  23  1:50  Gateway  
  23  2:04  Pylon  
  23  2:05  Stalker (Chrono Boost)  
  25  2:11  Shield Battery  
  25  2:28  Stalker  
  26  2:39  Probe  
  27  2:51  Probe  
  30  3:07  Stalker (Chrono Boost)  
  30  3:08  Stalker (Chrono Boost)  
  30  3:10  Pylon  
  32  3:21  Gateway  
  32  3:34  Gateway  
Tags
 
Add a new tag
Caveats
  • Supply blocks, unpowered buildings, or Contaminate may cause inaccurate times.
  • Supply counts are checked every 10 seconds.